General information
- name: BNet
- type: Ladder team game (AT/RT)
- host: Battle.net
- saver: hugnaidm
map: Deadlock
- players: 8
- length: 32:02
- speed: Fast
- version: 1.26 W3XP
- replay type: Public
» download(194 KB)
Players
team 1 (loser)

»
penguinblade (
yellow | 62 APM | 1964 actions | 31:55)
7 Death Knight
3 Death Coil
3 Unholy Aura
1 Animate Dead
5 Lich
3 Frost Nova
2 Frost Armor
2 Archmage
2 Brilliance Aura
2 Mountain King
1 Storm Bolt
1 Bash
» actions
| Assign group hotkey | 30 | |
| Basic commands | 132 | |
| Build / train | 116 | |
| ESC pressed | 10 | |
| Enter build submenu | 45 | |
| Enter hero's abilities submenu | 17 | |
| Give item / drop item | 2 | |
| Right click | 475 | |
| Select / deselect | 537 | |
| Select group hotkey | 461 | |
| Use ability | 139 | |
1964 total
» units
| Acolyte | 12 | |
| Ghoul | 4 | |
| Crypt Fiend | 7 | |
| Wisp | 2 | |
| Rifleman | 7 | |
| Peasant | 6 | |
| Frost Wyrm | 6 | |
| Mortar Team | 6 | |
| Dryad | 2 | |
52 total
» upgrades
| Creature Attack | 4 | |
| Web | 1 | |
| Gunpowder | 2 | |
| Long Rifles | 1 | |
| Armor | 2 | |
| Fragmentation Shards | 1 | |
| Flare | 1 | |
| Freezing Breath | 1 | |
| Creature Carapace | 3 | |
16 total
» buildings
| Crypt | 1 | |
| Graveyard | 1 | |
| Ziggurat | 11 | |
| Altar of Darkness | 1 | |
| Tomb of Relics | 1 | |
| Halls of the Dead | 1 | |
| Tree of Ages | 1 | |
| Ancient of War | 1 | |
| Black Citadel | 1 | |
| Guard Tower | 2 | |
| Farm | 5 | |
| Scout Tower | 5 | |
| Arcane Vault | 3 | |
| Castle | 1 | |
| Sacrificial Pit | 1 | |
| Workshop | 2 | |
| Boneyard | 2 | |
| Town Hall | 3 | |
| Nerubian Tower | 1 | |
| Spirit Tower | 1 | |
| Altar of Kings | 1 | |
46 total
» build order
00:32 Crypt
00:36 Graveyard
00:54 Ziggurat
01:15 Altar of Darkness
01:54 Ziggurat
02:49 Tomb of Relics
04:01 Halls of the Dead
05:10 Tree of Ages
05:14 Ancient of War
05:57 Ziggurat
06:53 Black Citadel
07:06 Guard Tower
07:08 Farm
07:10 Scout Tower
07:21 Arcane Vault
08:23 Ziggurat
08:36 Castle
09:47 Sacrificial Pit
10:23 Workshop
10:33 Workshop
11:10 Boneyard
11:12 Boneyard
12:14 Farm
12:14 Farm
12:15 Farm
13:31 Ziggurat
13:33 Ziggurat
13:46 Town Hall
13:49 Town Hall
13:52 Scout Tower
15:14 Scout Tower
15:53 Arcane Vault
16:01 Ziggurat
16:09 Ziggurat
16:19 Farm
16:23 Guard Tower
16:56 Ziggurat
16:59 Ziggurat
17:03 Ziggurat
17:58 Town Hall
22:50 Nerubian Tower
22:51 Spirit Tower
22:59 Arcane Vault
24:29 Scout Tower
24:30 Scout Tower
30:37 Altar of Kings
» items
| Rod of Necromancy | 1 | |
| Potion of Healing | 4 | |
| Scroll of Town Portal | 7 | |
| Orb of Corruption | 1 | |
| Scroll of Regeneration | 3 | |
| Potion of Lesser Invulnerability | 1 | |
| Scroll of Healing | 1 | |
| Dust of Appearance | 1 | |
19 total

»
jib69 (
orange | 40 APM | 1280 actions | 32:00)
9 Archmage
3 Blizzard
3 Brilliance Aura
2 Summon Water Elemental
1 Mass Teleport
6 Keeper of the Grove
3 Thorns Aura
2 Force of Nature
1 Tranquility
3 Mountain King
2 Bash
1 Storm Bolt
» actions
| Basic commands | 96 | |
| Build / train | 137 | |
| Enter build submenu | 46 | |
| Enter hero's abilities submenu | 17 | |
| Remove unit from queue | 8 | |
| Right click | 401 | |
| Select / deselect | 500 | |
| Use ability | 75 | |
1280 total
» units
| Peasant | 19 | |
| Footman | 6 | |
| Archer | 7 | |
| Dryad | 31 | |
| Knight | 6 | |
| Priest | 6 | |
| Wisp | 3 | |
| Mountain Giant | 2 | |
80 total
» upgrades
| Strength of the Wild | 3 | |
| Reinforced Hides | 2 | |
| Swords | 3 | |
| Plating | 4 | |
| Abolish Magic | 1 | |
| Animal War Training | 2 | |
| Priest Training | 2 | |
| Magic Sentry | 1 | |
| Lumber Harvesting | 1 | |
19 total
» buildings
| Altar of Kings | 2 | |
| Farm | 11 | |
| Barracks | 2 | |
| Lumber Mill | 1 | |
| Scout Tower | 6 | |
| Guard Tower | 3 | |
| Moon Well | 6 | |
| Keep | 1 | |
| Blacksmith | 1 | |
| Ancient of Lore | 2 | |
| Arcane Vault | 1 | |
| Castle | 1 | |
| Tree of Eternity | 1 | |
| Town Hall | 2 | |
| Arcane Sanctum | 1 | |
| Tree of Life | 1 | |
| Tree of Ages | 1 | |
| Ancient Protector | 5 | |
48 total
» build order
00:29 Altar of Kings
00:41 Farm
01:57 Barracks
02:01 Farm
02:16 Lumber Mill
02:24 Barracks
02:54 Scout Tower
02:59 Scout Tower
03:30 Guard Tower
03:51 Farm
04:32 Scout Tower
05:09 Scout Tower
05:37 Moon Well
05:50 Guard Tower
06:08 Keep
06:53 Blacksmith
07:04 Farm
07:33 Ancient of Lore
07:38 Ancient of Lore
07:47 Farm
08:14 Arcane Vault
08:39 Castle
08:46 Tree of Eternity
09:19 Town Hall
09:51 Arcane Sanctum
10:46 Moon Well
10:49 Moon Well
10:55 Moon Well
11:27 Farm
14:40 Tree of Life
14:56 Moon Well
16:11 Moon Well
17:59 Farm
18:02 Farm
19:01 Farm
19:05 Farm
19:08 Farm
19:26 Tree of Ages
22:16 Town Hall
26:46 Ancient Protector
26:55 Ancient Protector
27:37 Ancient Protector
27:39 Ancient Protector
29:11 Altar of Kings
29:22 Scout Tower
30:46 Scout Tower
30:54 Ancient Protector
31:54 Guard Tower
» items
Apocolypse_Now (
purple | 38 APM | 158 actions | 04:06)
1 Keeper of the Grove
1 Force of Nature
» actions
| Build / train | 17 | |
| Enter build submenu | 7 | |
| Enter hero's abilities submenu | 1 | |
| Right click | 86 | |
| Select / deselect | 38 | |
| Use ability | 9 | |
158 total
» units
» buildings
| Moon Well | 3 | |
| Ancient of Wonders | 1 | |
| Altar of Elders | 1 | |
| Hunter's Hall | 1 | |
| Tree of Life | 1 | |
7 total
» build order
00:06 Moon Well
00:12 Ancient of Wonders
00:17 Altar of Elders
01:54 Moon Well
02:53 Hunter's Hall
03:35 Tree of Life
03:52 Moon Well
» items
| Lesser Clarity Potion | 2 | |
| Moonstone | 1 | |
3 total

»
ms2huevos (
teal | 43 APM | 280 actions | 06:27)
1 Archmage
1 Summon Water Elemental
» actions
| Assign group hotkey | 6 | |
| Basic commands | 3 | |
| Build / train | 23 | |
| ESC pressed | 4 | |
| Enter build submenu | 20 | |
| Enter hero's abilities submenu | 1 | |
| Right click | 36 | |
| Select / deselect | 89 | |
| Select group hotkey | 78 | |
| Use ability | 20 | |
280 total
» units
» upgrades
» buildings
| Altar of Kings | 1 | |
| Farm | 6 | |
| Barracks | 1 | |
| Blacksmith | 1 | |
| Lumber Mill | 1 | |
| Scout Tower | 6 | |
| Guard Tower | 4 | |
| Keep | 1 | |
21 total
» build order
00:07 Altar of Kings
00:11 Farm
00:56 Farm
01:17 Barracks
01:50 Blacksmith
02:29 Farm
02:38 Lumber Mill
03:15 Scout Tower
03:18 Scout Tower
03:51 Guard Tower
03:52 Guard Tower
03:57 Scout Tower
04:11 Farm
04:31 Guard Tower
04:35 Farm
05:19 Scout Tower
05:42 Scout Tower
05:57 Farm
06:06 Keep
06:13 Guard Tower
06:16 Scout Tower
team 2 (winner)

»
Bloodofwar- (
green | 39 APM | 1263 actions | 32:01)
10 Blademaster
3 Wind Walk
3 Critical Strike
1 Bladestorm
3 Mirror Image
» actions
| Assign group hotkey | 8 | |
| Basic commands | 10 | |
| Build / train | 85 | |
| Enter build submenu | 18 | |
| Enter hero's abilities submenu | 10 | |
| Give item / drop item | 2 | |
| Remove unit from queue | 1 | |
| Right click | 555 | |
| Select / deselect | 320 | |
| Select group hotkey | 169 | |
| Use ability | 85 | |
1263 total
» units
| Peon | 14 | |
| Grunt | 5 | |
| Tauren | 12 | |
| Shaman | 13 | |
| Troll Batrider | 6 | |
50 total
» upgrades
| Armor | 3 | |
| Berserker Strength | 1 | |
| Pulverize | 1 | |
| Shaman Training | 2 | |
| Melee Weapons | 1 | |
8 total
» buildings
| Orc Burrow | 8 | |
| Altar of Storms | 1 | |
| Barracks | 1 | |
| War Mill | 1 | |
| Voodoo Lounge | 1 | |
| Stronghold | 1 | |
| Fortress | 1 | |
| Great Hall | 1 | |
| Tauren Totem | 2 | |
| Beastiary | 1 | |
| Spirit Lodge | 1 | |
19 total
» build order
00:08 Orc Burrow
00:13 Altar of Storms
01:03 Orc Burrow
01:16 Barracks
02:02 War Mill
03:29 Orc Burrow
03:44 Voodoo Lounge
04:17 Stronghold
04:47 Orc Burrow
05:40 Orc Burrow
06:38 Fortress
07:58 Great Hall
08:13 Orc Burrow
09:46 Tauren Totem
09:50 Tauren Totem
09:54 Beastiary
10:00 Spirit Lodge
11:28 Orc Burrow
15:35 Orc Burrow
» items
| Healing Salve | 3 | |
| Orb of Lightning | 1 | |
| Boots of Speed | 1 | |
| Circlet of Nobility | 1 | |
| Periapt of Vitality | 1 | |
| Lesser Clarity Potion | 3 | |
| Scroll of Town Portal | 1 | |
| Potion of Healing | 1 | |
| Potion of Mana | 1 | |
13 total

»
nick1677 (
pink | 24 APM | 771 actions | 32:01)
7 Paladin
3 Divine Shield
2 Devotion Aura
1 Holy Light
1 Resurrection
3 Archmage
1 Summon Water Elemental
1 Brilliance Aura
1 Blizzard
» actions
| Basic commands | 15 | |
| Build / train | 99 | |
| Enter build submenu | 27 | |
| Enter hero's abilities submenu | 10 | |
| Remove unit from queue | 1 | |
| Right click | 227 | |
| Select / deselect | 335 | |
| Use ability | 57 | |
771 total
» units
| Peasant | 16 | |
| Footman | 7 | |
| Flying Machine | 15 | |
| Gryphon Rider | 14 | |
| Knight | 8 | |
| Mortar Team | 5 | |
65 total
» upgrades
| Swords | 2 | |
| Plating | 0 | |
| Armor | 1 | |
| Storm Hammers | 1 | |
| Flying Machine Bombs | 1 | |
| Fragmentation Shards | 1 | |
6 total
» buildings
| Farm | 13 | |
| Altar of Kings | 1 | |
| Barracks | 1 | |
| Lumber Mill | 1 | |
| Scout Tower | 2 | |
| Arcane Tower | 1 | |
| Keep | 1 | |
| Guard Tower | 1 | |
| Arcane Vault | 1 | |
| Blacksmith | 1 | |
| Gryphon Aviary | 1 | |
| Workshop | 1 | |
| Castle | 1 | |
| Town Hall | 3 | |
29 total
» build order
00:33 Farm
00:49 Altar of Kings
01:04 Barracks
01:15 Farm
01:19 Lumber Mill
02:07 Farm
02:49 Scout Tower
03:19 Arcane Tower
03:24 Scout Tower
03:59 Keep
04:01 Guard Tower
05:13 Arcane Vault
05:30 Blacksmith
05:53 Farm
06:23 Farm
06:41 Farm
06:49 Gryphon Aviary
06:53 Workshop
07:06 Castle
07:22 Farm
08:01 Farm
08:07 Farm
08:46 Farm
09:28 Farm
10:57 Town Hall
17:19 Farm
18:03 Farm
18:50 Town Hall
30:09 Town Hall
» items
| Dust of Appearance | 1 | |
| Scroll of Regeneration | 3 | |
| Scroll of Town Portal | 4 | |
| Orb of Lightning | 1 | |
| Healing Salve | 2 | |
11 total

»
spy_BrN (
blue | 68 APM | 2174 actions | 32:01)
8 Blademaster
3 Wind Walk
3 Critical Strike
1 Bladestorm
1 Mirror Image
» actions
| Assign group hotkey | 25 | |
| Build / train | 114 | |
| Enter build submenu | 27 | |
| Enter hero's abilities submenu | 8 | |
| Give item / drop item | 3 | |
| Right click | 1078 | |
| Select / deselect | 470 | |
| Select group hotkey | 307 | |
| Use ability | 142 | |
2174 total
» units
| Peon | 17 | |
| Troll Headhunter/Berserker | 9 | |
| Raider | 14 | |
| Troll Batrider | 16 | |
| Wind Rider | 5 | |
61 total
» upgrades
| Armor | 3 | |
| Pillage | 1 | |
| Melee Weapons | 3 | |
| Ensnare | 1 | |
| Liquid Fire | 1 | |
| Ranged Weapons | 2 | |
| Envenomed Spears | 1 | |
12 total
» buildings
| Orc Burrow | 9 | |
| Altar of Storms | 1 | |
| Voodoo Lounge | 1 | |
| War Mill | 1 | |
| Barracks | 2 | |
| Watch Tower | 5 | |
| Stronghold | 1 | |
| Great Hall | 2 | |
| Beastiary | 2 | |
| Fortress | 1 | |
25 total
» build order
00:23 Orc Burrow
00:26 Orc Burrow
00:27 Altar of Storms
01:27 Voodoo Lounge
01:40 War Mill
01:48 Barracks
02:08 Barracks
02:11 Orc Burrow
03:13 Watch Tower
05:01 Orc Burrow
06:13 Stronghold
06:52 Watch Tower
07:58 Great Hall
08:09 Orc Burrow
10:33 Beastiary
10:36 Beastiary
10:38 Fortress
10:42 Orc Burrow
11:39 Orc Burrow
16:36 Orc Burrow
22:21 Orc Burrow
25:33 Watch Tower
25:34 Watch Tower
25:37 Watch Tower
26:11 Great Hall
» items
| Scroll of Speed | 4 | |
| Lesser Clarity Potion | 8 | |
| Healing Salve | 4 | |
| Scroll of Town Portal | 3 | |
| Potion of Healing | 2 | |
| Orb of Lightning | 2 | |
| Potion of Mana | 3 | |
| Scroll of Regeneration | 1 | |
27 total
hugnaidm (
red | 85 APM | 2735 actions | 32:02)
7 Far Seer
3 Feral Spirit
3 Chain Lighting
1 Earth Quake
» actions
| Assign group hotkey | 76 | |
| Basic commands | 50 | |
| Build / train | 102 | |
| ESC pressed | 2 | |
| Enter build submenu | 24 | |
| Enter hero's abilities submenu | 8 | |
| Give item / drop item | 2 | |
| Remove unit from queue | 2 | |
| Right click | 1316 | |
| Select / deselect | 490 | |
| Select group hotkey | 503 | |
| Use ability | 160 | |
2735 total
» units
| Peon | 19 | |
| Grunt | 8 | |
| Raider | 22 | |
| Troll Witch Doctor | 4 | |
| Troll Headhunter/Berserker | 2 | |
| Kodo Beast | 1 | |
56 total
» upgrades
| Pillage | 1 | |
| Berserker Strength | 1 | |
| Armor | 3 | |
| Witch Doctor Training | 2 | |
| Ensnare | 1 | |
| Troll Regeneration | 1 | |
| Reinforced Defenses | 1 | |
| Melee Weapons | 3 | |
| Berserker Upgrade | 1 | |
| War Drums Damage Increase | 1 | |
| Spiked Barricades | 1 | |
| Spirit Walker Training | 1 | |
| Ranged Weapons | 2 | |
19 total
» buildings
| Altar of Storms | 1 | |
| Orc Burrow | 8 | |
| Barracks | 1 | |
| Voodoo Lounge | 1 | |
| Stronghold | 2 | |
| War Mill | 1 | |
| Beastiary | 2 | |
| Spirit Lodge | 1 | |
| Great Hall | 1 | |
| Fortress | 1 | |
| Watch Tower | 7 | |
26 total
» build order
00:04 Altar of Storms
00:08 Orc Burrow
00:09 Orc Burrow
01:03 Barracks
01:27 Orc Burrow
01:43 Voodoo Lounge
03:34 Orc Burrow
04:26 Stronghold
05:07 Orc Burrow
06:35 War Mill
06:57 Beastiary
07:05 Spirit Lodge
08:32 Great Hall
10:27 Fortress
11:03 Orc Burrow
11:39 Watch Tower
11:42 Watch Tower
11:45 Watch Tower
13:28 Orc Burrow
15:32 Beastiary
15:35 Orc Burrow
15:39 Watch Tower
16:33 Watch Tower
20:59 Stronghold
22:08 Watch Tower
29:41 Watch Tower
» items
| Healing Salve | 5 | |
| Scroll of Town Portal | 4 | |
| Orb of Lightning | 2 | |
| Scroll of Speed | 3 | |
14 total
Chat log
(00:28 / Allies) hugnaidm: plan?
(00:31 / Allies) Bloodofwar-: cc
(00:34 / Allies) Bloodofwar-: grunts tauren
(00:35 / Allies) spy_BrN: cc?
(00:45 / Allies) nick1677: air
(00:49 / Allies) hugnaidm: air is not cc
(00:50 / Allies) spy_BrN: go rush
(00:51 / All) spy_BrN: BM
(01:04 / Allies) spy_BrN: go rush bm
(01:11 / Allies) hugnaidm: you already announced it in all chat moron
(04:09 / Allies) hugnaidm: raped
(04:10 / All) Bloodofwar-: lol
(04:19 / All) hugnaidm: ragequit moar
(04:28 / Allies) spy_BrN: heal pls
(04:36 / Allies) spy_BrN: pink heal
(06:27 / All) hugnaidm: bye
(08:56 / Allies) Bloodofwar-: coming
(09:09 / All) hugnaidm: gg
(12:40 / Allies) hugnaidm: help
(12:47 / Allies) Bloodofwar-: comng
(13:53 / Allies) Bloodofwar-: expos red
(17:06 / Allies) Bloodofwar-: wait guys
(17:11 / Allies) hugnaidm: just htiting an expo
(17:18 / Allies) Bloodofwar-: i know
(25:17 / Allies) nick1677: wtf guys
(26:03 / Allies) nick1677: wait green
(30:44 / Allies) nick1677: gold please
(30:57 / Allies) nick1677: thx
(31:26 / Allies) spy_BrN: go
(31:59 / All) hugnaidm: bye